Jets vs Stars

Created - Friday, February 26, 2016 at 01:24

Goals
1 2 3 T
Jets 0 6 1 7
Stars 2 0 1 3
Shots
1 2 3 T
Jets 2 18 6 26
Stars 11 13 14 38

1st period

1. Stars , Cory Conacher 4 (Alexander Wennberg) at 10:35
2. Stars , Devin Setoguchi 9 (Casey Cizikas) at 12:30 (PP)

Penalties :
Oliver Ekman-Larsson (Wpg) for Roughing (Minor) at 1:12, Brett Ritchie (Dal) for Hooking (Minor) at 2:37, Jake Muzzin (Wpg) for Boarding (Minor) at 4:57, Alex Ovechkin (Wpg) for Interference (Minor) at 11:25, Brayden Schenn (Wpg) for High sticking (Minor) at 14:15, Jamie Oleksiak (Dal) for Hooking (Minor) at 17:58

2nd period

3. Jets , Max Pacioretty 53 (Claude Giroux) at 0:45
4. Jets , John Carlson 10 (Claude Giroux, Wayne Simmonds) at 7:47 (PP)
5. Jets , Claude Giroux 21 (Max Pacioretty) at 9:33 (PP)
6. Jets , Max Pacioretty 54 (Wayne Simmonds, Erik Johnson) at 14:49 (PP)
7. Jets , John Tavares 52 (Patrik Elias) at 15:13
8. Jets , Jussi Jokinen 13 (Erik Johnson, John Tavares) at 15:50

Penalties :
Alex Petrovic (Dal) for Kneeing (Minor) at 0:48, Mike Richards (Dal) for Holding (Minor) at 7:39, Cory Conacher (Dal) for Holding (Minor) at 8:43, Brett Ritchie (Dal) for Hooking (Minor) at 10:53, Mike Richards (Dal) for Roughing (Minor) at 13:04, Erik Johnson (Wpg) for Roughing (Minor) at 17:19

3rd period

9. Stars , Erik Haula 10 (Matt Tennyson, Brett Ritchie) at 1:53 (SH)
10. Jets , Claude Giroux 22 (Max Pacioretty, Wayne Simmonds) at 5:47

Penalties :
Alex Petrovic (Dal) for Interference (Minor) at 0:44, Alex Petrovic (Dal) for High sticking (Minor) at 9:32

Goalie Stats

Jonathan Quick (Wpg), 35 saves from 38 shots - (0.921), W, 25-26-3, 60:00 minutes
Tom McCollum (Dal), 10 saves from 14 shots - (0.714), L, 5-28-1, 34:49 minutes
Justin Peters (Dal), 9 saves from 12 shots - (0.750), 25:11 minutes

Players Stats for Jets

Player Name              G  A  P  +/- PIM S  H  SB GA TA FO     MP     PP MP  PK MP  
------------------------------------------------------------------------------------
Alex Ovechkin            0  0  0  -2  2   0  4  0  5  0  1/8    22:20   7:10   4:42 
Blake Wheeler            0  0  0  -2  0   3  2  2  1  2  0/0    20:40   7:51   2:17 
Brad Stuart              0  0  0  -1  0   0  1  6  0  1  0/0    22:44   6:16   4:39 
Brayden Schenn           0  0  0   0  2   2  1  0  0  0  0/0     7:19   0:00   0:00 
Claude Giroux            2  2  4   2  0   4  1  0  4  0  8/15   20:42   6:53   2:24 
Erik Johnson             0  2  2   1  2   1  2  3  0  3  0/0    26:49   7:47   2:33 
Filip Forsberg           0  0  0   0  0   0  0  0  1  0  0/0     8:07   0:00   0:23 
Jake Muzzin              0  0  0   2  2   1  0  1  0  0  0/0    10:13   0:00   0:00 
Jarret Stoll             0  0  0   0  0   0  0  0  0  0  3/4     7:08   0:00   0:00 
John Carlson             1  0  1   1  0   2  5  4  0  6  0/0    27:38   7:47   3:48 
John Tavares             1  1  2   2  0   3  1  0  2  0  3/6     7:52   0:00   0:00 
Jussi Jokinen            1  0  1   2  0   2  0  0  0  1  2/4     9:49   0:00   1:21 
Marc Staal               0  0  0   2  0   0  0  3  0  1  0/0    12:18   0:00   2:40 
Max Pacioretty           2  2  4   2  0   2  1  1  1  1  1/1    16:59   6:12   0:00 
Oliver Ekman-Larsson     0  0  0  -1  2   0  2  5  0  1  0/0    21:59   6:57   3:14 
Patrik Elias             0  1  1   2  0   1  0  0  0  0  0/0     7:52   0:00   0:00 
Ryan Getzlaf             0  0  0  -2  0   4  1  2  3  0  12/20  23:26   7:10   5:47 
Wayne Simmonds           0  3  3   2  0   1  1  0  1  0  1/2    16:58   6:12   0:00 

Players Stats for Stars

Player Name              G  A  P  +/- PIM S  H  SB GA TA FO     MP     PP MP  PK MP  
------------------------------------------------------------------------------------
Aaron Johnson            0  0  0   1  0   0  0  0  0  0  0/0     6:45   0:00   3:28 
Alex Petrovic            0  0  0  -1  6   0  3  4  0  2  0/0    19:08   4:03   3:02 
Alexander Wennberg       0  1  1   0  0   3  0  1  4  2  6/12   14:35   0:27   1:07 
Alexandre Burrows        0  0  0   0  0   1  1  0  0  0  0/1     7:15   0:00   0:00 
Brett Ritchie            0  1  1   0  4   3  3  3  3  0  2/5    22:36   4:41   7:21 
Casey Cizikas            0  1  1   0  0   2  2  0  2  0  5/9    16:29   3:35   4:44 
Cory Conacher            1  0  1   0  2   2  1  0  3  0  0/0    12:55   0:00   0:00 
Daniel Paille            0  0  0   0  0   5  0  0  0  1  1/2    19:03   4:25   2:22 
Devin Setoguchi          1  0  1  -1  0   3  0  1  5  0  4/11   13:45   4:42   0:00 
Erik Haula               1  0  1   1  0   1  0  1  2  2  9/14   21:50   3:45   9:32 
Jamie Oleksiak           0  0  0  -1  2   2  3  2  0  1  0/0    27:11   4:24   7:54 
John Moore               0  0  0  -1  0   4  1  0  0  0  0/0    16:14   4:24   0:00 
Jonathan Drouin          0  0  0  -2  0   2  0  0  2  0  0/0     6:50   0:00   0:00 
Manny Malhotra           0  0  0  -2  0   0  0  0  0  0  0/0     6:50   0:00   0:00 
Matt Tennyson            0  1  1   0  0   1  0  1  0  0  0/0    22:20   4:03   5:57 
Mike Richards            0  0  0  -3  4   7  3  0  6  0  2/6    22:27   3:45   3:00 
Patrik Nemeth            0  0  0  -1  0   1  0  0  0  0  0/0    10:37   0:00   0:00 
Ryan Wilson              0  0  0  -1  0   1  1  0  0  1  0/0    18:24   0:00   7:45 

3 Stars

1 - Max Pacioretty (Wpg)
2 - Claude Giroux (Wpg)
3 - Wayne Simmonds (Wpg)

Power Play

Jets - 3 on 9 Attempt(s) - 33.33%
Stars - 1 on 6 Attempt(s) - 16.67%

Penalty Kill

Jets - 5 on 6 Attempt(s) - 83.33% - Score 0 goal in Penalty Kill
Stars - 6 on 9 Attempt(s) - 66.67% - Score 1 goal in Penalty Kill

Team Stat

Jets - Hits : 22 - Faceoff Wins : 31 - Blocked Shots : 27 - Penalty Minutes : 10
Stars - Hits : 18 - Faceoff Wins : 29 - Blocked Shots : 13 - Penalty Minutes : 18

Official

Referees : Unknown
Linesman : Unknown

Game Notes

Justin Peters enters game at 14:49 of 2nd period
16:26 of 2nd period - Penalty Shot by Max Pacioretty for Jets - Stopped by Justin Peters
5:47 of 3rd period - Jets goal is going for a video replay. After video review, Goal.

Finance

Level 1 -- Attendance: 4231 (70.52%) -- Ticket Income $423,100
Level 2 -- Attendance: 3360 (67.20%) -- Ticket Income $201,600
Level 3 -- Attendance: 1281 (64.05%) -- Ticket Income $44,835
Level 4 -- Attendance: 3153 (78.83%) -- Ticket Income $63,060
Luxury Box -- Attendance: 700 (70.00%) -- Ticket Income $140,000
Game was played at the American Airlines Arena.
Total Attendance: 12725 (70.69%)
Total Ticket Income: $872,595
Other Income: $427,572
Total Income: $1,300,167

Jets

5 vs 5 Forward 
   Center                   Left Wing                Right Wing               Time % Phy DF OF 
 1 Ryan Getzlaf             Alex Ovechkin            Blake Wheeler            35     1   2  2  
 2 Claude Giroux            Max Pacioretty           Wayne Simmonds           30     1   2  2  
 3 John Tavares             Patrik Elias             Jussi Jokinen            22     1   2  2  
 4 Jarret Stoll             Brayden Schenn           Filip Forsberg           13     1   2  2  

5 vs 5 Defense 
   Defense                  Defense                                           Time % Phy DF OF 
 1 John Carlson             Erik Johnson                                      35     1   2  2  
 2 Oliver Ekman-Larsson     Brad Stuart                                       30     1   2  2  
 3 Jake Muzzin              Marc Staal                                        22     1   2  2  
 4 John Carlson             Erik Johnson                                      13     1   2  2  

PowerPlay Forward 
   Center                   Left Wing                Right Wing               Time % Phy DF OF 
 1 Ryan Getzlaf             Alex Ovechkin            Blake Wheeler            60     1   2  2  
 2 Claude Giroux            Max Pacioretty           Wayne Simmonds           40     1   2  2  

PowerPlay Defense
   Defense                  Defense                                           Time % Phy DF OF 
 1 John Carlson             Erik Johnson                                      60     1   2  2  
 2 Oliver Ekman-Larsson     Brad Stuart                                       40     1   2  2  

Penalty Kill 4 Players Forward 
   Center                   Wing                     Time % Phy DF OF 
 1 Alex Ovechkin            Ryan Getzlaf             60     1   2  2  
 2 Claude Giroux            Blake Wheeler            40     1   2  2  

Penalty Kill 4 Players Defense
   Defense                  Defense                  Time % Phy DF OF 
 1 John Carlson             Erik Johnson             60     1   2  2  
 2 Oliver Ekman-Larsson     Brad Stuart              40     1   2  2  

Penalty Kill - 3 Players Forward 
   Forward                                           Time % Phy DF OF 
 1 Alex Ovechkin                                     60     1   2  2  
 2 Ryan Getzlaf                                      40     1   2  2  

Penalty Kill - 3 Players Defense
   Defense                  Defense                  Time % Phy DF OF 
 1 John Carlson             Erik Johnson             60     1   2  2  
 2 Oliver Ekman-Larsson     Brad Stuart              40     1   2  2  

4 vs 4 Forward 
   Center                   Wing                     Time % Phy DF OF 
 1 Alex Ovechkin            Ryan Getzlaf             60     1   2  2  
 2 Claude Giroux            Blake Wheeler            40     1   2  2  

4 vs 4 Defense
   Defense                  Defense                  Time % Phy DF OF 
 1 John Carlson             Erik Johnson             60     1   2  2  
 2 Oliver Ekman-Larsson     Brad Stuart              40     1   2  2  

Last Minutes Offensive
   Center                   Left Wing                Right Wing               Defense                  Defense                  
   Ryan Getzlaf             Alex Ovechkin            Blake Wheeler            John Carlson             Erik Johnson             

Last Minutes Defensive
   Center                   Left Wing                Right Wing               Defense                  Defense                  
   Ryan Getzlaf             Alex Ovechkin            Blake Wheeler            John Carlson             Erik Johnson             

Goaltenders
Starting : Jonathan Quick           
Backup : Jake Allen               

Extra Forwards
Normal : John Tavares, Patrik Elias, Jussi Jokinen - PP : John Tavares, Patrik Elias - PK : Jussi Jokinen
Extra Defensemen
Normal : Jake Muzzin, Marc Staal, Oliver Ekman-Larsson - PP : Jake Muzzin - PK : Marc Staal, Oliver Ekman-Larsson
Penalty Shots
Alex Ovechkin, Ryan Getzlaf, Claude Giroux, Blake Wheeler, Max Pacioretty

Stars

5 vs 5 Forward 
   Center                   Left Wing                Right Wing               Time % Phy DF OF 
 1 Devin Setoguchi          Mike Richards            Brett Ritchie            35     1   2  2  
 2 Alexander Wennberg       Daniel Paille            Cory Conacher            30     1   2  2  
 3 Casey Cizikas            Erik Haula               Alexandre Burrows        22     1   2  2  
 4 Mike Richards            Manny Malhotra           Jonathan Drouin          13     1   2  2  

5 vs 5 Defense 
   Defense                  Defense                                           Time % Phy DF OF 
 1 Jamie Oleksiak           John Moore                                        35     1   2  2  
 2 Alex Petrovic            Matt Tennyson                                     30     1   2  2  
 3 Ryan Wilson              Patrik Nemeth                                     22     1   2  2  
 4 Aaron Johnson            Jamie Oleksiak                                    13     1   2  2  

PowerPlay Forward 
   Center                   Left Wing                Right Wing               Time % Phy DF OF 
 1 Brett Ritchie            Casey Cizikas            Devin Setoguchi          60     1   2  2  
 2 Erik Haula               Daniel Paille            Mike Richards            40     1   2  2  

PowerPlay Defense
   Defense                  Defense                                           Time % Phy DF OF 
 1 Jamie Oleksiak           John Moore                                        60     1   2  2  
 2 Alex Petrovic            Matt Tennyson                                     40     1   2  2  

Penalty Kill 4 Players Forward 
   Center                   Wing                     Time % Phy DF OF 
 1 Erik Haula               Brett Ritchie            60     1   2  2  
 2 Mike Richards            Casey Cizikas            40     1   2  2  

Penalty Kill 4 Players Defense
   Defense                  Defense                  Time % Phy DF OF 
 1 Jamie Oleksiak           Ryan Wilson              60     1   2  2  
 2 Alex Petrovic            Matt Tennyson            40     1   2  2  

Penalty Kill - 3 Players Forward 
   Forward                                           Time % Phy DF OF 
 1 Casey Cizikas                                     60     1   2  2  
 2 Brett Ritchie                                     40     1   2  2  

Penalty Kill - 3 Players Defense
   Defense                  Defense                  Time % Phy DF OF 
 1 Jamie Oleksiak           John Moore               60     1   2  2  
 2 Alex Petrovic            Matt Tennyson            40     1   2  2  

4 vs 4 Forward 
   Center                   Wing                     Time % Phy DF OF 
 1 Brett Ritchie            Erik Haula               60     1   2  2  
 2 Mike Richards            Casey Cizikas            40     1   2  2  

4 vs 4 Defense
   Defense                  Defense                  Time % Phy DF OF 
 1 Jamie Oleksiak           Aaron Johnson            60     1   2  2  
 2 Alex Petrovic            Matt Tennyson            40     1   2  2  

Last Minutes Offensive
   Center                   Left Wing                Right Wing               Defense                  Defense                  
   Devin Setoguchi          Mike Richards            Brett Ritchie            Jamie Oleksiak           John Moore               

Last Minutes Defensive
   Center                   Left Wing                Right Wing               Defense                  Defense                  
   Devin Setoguchi          Mike Richards            Brett Ritchie            Jamie Oleksiak           John Moore               

Goaltenders
Starting : Tom McCollum             
Backup : Justin Peters            

Extra Forwards
Normal : Erik Haula, Casey Cizikas, Brett Ritchie - PP : Erik Haula, Brett Ritchie - PK : Erik Haula
Extra Defensemen
Normal : Ryan Wilson, Jamie Oleksiak, Aaron Johnson - PP : Ryan Wilson - PK : Jamie Oleksiak, Aaron Johnson
Penalty Shots
Daniel Paille, Erik Haula, Brett Ritchie, Casey Cizikas, Mike Richards

% Time on Ice - Jets

Lines # - Real PCT - Wanted PCT - Time Play
Normal Forward
1 - 29% - 35% - 10:42
2 - 30% - 30% - 11:14
3 - 21% - 22% - 7:52
4 - 19% - 13% - 7:08
Normal Defense
1 - 38% - 35% - 14:03
2 - 32% - 30% - 11:49
3 - 26% - 22% - 9:38
4 - 4% - 13% - 1:26
PP Forward
1 - 51% - 60% - 7:10
2 - 49% - 40% - 6:53
PP Defense
1 - 55% - 60% - 7:47
2 - 45% - 40% - 6:16
PK Forward
1 - 73% - 60% - 6:10
2 - 27% - 40% - 2:17
PK Defense
1 - 45% - 60% - 3:48
2 - 55% - 40% - 4:39
PK3 Forward
1 - 0% - 60%
2 - 0% - 40%
PK3 Defense
1 - 0% - 60%
2 - 0% - 40%
44 Forward
1 - 68% - 60% - 0:23
2 - 32% - 40% - 0:11
44 Defense
1 - 100% - 60% - 0:34
2 - 0% - 40% - 0:00
Last Minute Offensive  - 0:00
Last Minute Defensive  - 0:00
Total
Forward - 60:00
Defense - 60:00

% Time on Ice - Stars

Lines # - Real PCT - Wanted PCT - Time Play
Normal Forward
1 - 27% - 35% - 9:49
2 - 35% - 30% - 13:02
3 - 20% - 22% - 7:15
4 - 19% - 13% - 6:50
Normal Defense
1 - 32% - 35% - 11:52
2 - 33% - 30% - 12:20
3 - 29% - 22% - 10:37
4 - 6% - 13% - 2:07
PP Forward
1 - 56% - 60% - 4:42
2 - 44% - 40% - 3:45
PP Defense
1 - 52% - 60% - 4:24
2 - 48% - 40% - 4:03
PK Forward
1 - 73% - 60% - 10:12
2 - 27% - 40% - 3:51
PK Defense
1 - 58% - 60% - 8:06
2 - 42% - 40% - 5:57
PK3 Forward
1 - 0% - 60%
2 - 0% - 40%
PK3 Defense
1 - 0% - 60%
2 - 0% - 40%
44 Forward
1 - 100% - 60% - 0:34
2 - 0% - 40% - 0:00
44 Defense
1 - 100% - 60% - 0:34
2 - 0% - 40% - 0:00
Last Minute Offensive  - 0:00
Last Minute Defensive  - 0:00
Total
Forward - 60:00
Defense - 60:00

Play by Play

1st period


0:01 of 1st period - Ryan Getzlaf wins face-off versus Devin Setoguchi in neutral zone.
0:12 of 1st period - Wrist shot by Mike Richards.
0:12 of 1st period - Shot Misses the Net.
0:14 of 1st period - Snap shot by Devin Setoguchi.
0:14 of 1st period - Shot Misses the Net.
0:16 of 1st period - Wrist shot by Jamie Oleksiak.
0:16 of 1st period - Shot Blocked by Erik Johnson.
0:36 of 1st period - Slapshot by Brett Ritchie.
0:36 of 1st period - Shot Blocked by John Carlson.
0:52 of 1st period - Wayne Simmonds is hit by Jamie Oleksiak and loses puck.
1:12 of 1st period - Minor Penalty to Oliver Ekman-Larsson for Roughing.
1:13 of 1st period - Alex Ovechkin wins face-off versus Brett Ritchie in Jets zone.
1:13 of 1st period - Alex Ovechkin is hit by Alex Petrovic.
1:33 of 1st period - Slapshot by Devin Setoguchi.
1:33 of 1st period - Stopped by Jonathan Quick with a rebound.
1:35 of 1st period - Slapshot by Alex Petrovic.
1:35 of 1st period - Shot Misses the Net.
1:52 of 1st period - Wrist shot by Mike Richards.
1:52 of 1st period - Stopped by Jonathan Quick with a rebound.
2:26 of 1st period - Marc Staal is hit by Jamie Oleksiak and loses puck.
2:37 of 1st period - Minor Penalty to Brett Ritchie for Hooking.
2:38 of 1st period - Casey Cizikas wins face-off versus Alex Ovechkin in Stars zone.
3:12 of 1st period - Penalty to Oliver Ekman-Larsson is over, Oliver Ekman-Larsson is back on ice.
3:35 of 1st period - Slapshot by Erik Haula.
3:35 of 1st period - Shot Blocked by Blake Wheeler.
3:37 of 1st period - Wrist shot by Daniel Paille.
3:37 of 1st period - Stopped by Jonathan Quick with a rebound.
4:31 of 1st period - Snap shot by Ryan Getzlaf.
4:31 of 1st period - Shot Misses the Net.
4:33 of 1st period - Slapshot by John Carlson.
4:33 of 1st period - Shot Blocked by Alex Petrovic.
4:37 of 1st period - Penalty to Brett Ritchie is over, Brett Ritchie is back on ice.
4:55 of 1st period - Slapshot by Devin Setoguchi.
4:55 of 1st period - Shot Misses the Net.
4:57 of 1st period - Minor Penalty to Jake Muzzin for Boarding.
4:58 of 1st period - Daniel Paille wins face-off versus Alex Ovechkin in Jets zone.
5:09 of 1st period - Wrist shot by Brett Ritchie.
5:09 of 1st period - Stopped by Jonathan Quick with a rebound.
5:48 of 1st period - Claude Giroux is hit by Jamie Oleksiak and loses puck.
6:01 of 1st period - John Carlson is hit by Mike Richards and loses puck.
6:57 of 1st period - Penalty to Jake Muzzin is over, Jake Muzzin is back on ice.
7:07 of 1st period - Slapshot by Oliver Ekman-Larsson.
7:07 of 1st period - Shot Misses the Net.
7:15 of 1st period - Snap shot by Mike Richards.
7:15 of 1st period - Stopped by Jonathan Quick with a rebound.
7:17 of 1st period - Snap shot by Manny Malhotra.
7:17 of 1st period - Shot Misses the Net.
8:04 of 1st period - Slapshot by Casey Cizikas.
8:04 of 1st period - Stopped by Jonathan Quick without a rebound.
8:05 of 1st period - John Tavares wins face-off versus Casey Cizikas in Jets zone.
8:05 of 1st period - John Tavares is hit by Alex Petrovic.
8:11 of 1st period - Jussi Jokinen is hit by Alexandre Burrows and loses puck.
9:41 of 1st period - Alexandre Burrows is hit by Max Pacioretty and loses puck.
10:10 of 1st period - Snap shot by Brett Ritchie.
10:10 of 1st period - Stopped by Jonathan Quick with a rebound.
10:12 of 1st period - Wrist shot by Devin Setoguchi.
10:12 of 1st period - Shot Blocked by Erik Johnson.
10:14 of 1st period - Snap shot by Alex Petrovic.
10:14 of 1st period - Deflect By Brett Ritchie.
10:14 of 1st period - Deflect By Ryan Getzlaf.
10:14 of 1st period - Shot Blocked by Erik Johnson.
10:14 of 1st period - Puck is out of play.
10:15 of 1st period - Ryan Getzlaf wins face-off versus Devin Setoguchi in Jets zone.
10:20 of 1st period - Devin Setoguchi is hit by Blake Wheeler and loses puck.
10:35 of 1st period - Snap shot by Cory Conacher.
10:35 of 1st period - Goal by Cory Conacher - Jets : 0 - Stars : 1.
10:36 of 1st period - Jarret Stoll wins face-off versus Alexander Wennberg in neutral zone.
11:25 of 1st period - Minor Penalty to Alex Ovechkin for Interference.
11:26 of 1st period - Jussi Jokinen wins face-off versus Brett Ritchie in Jets zone.
12:16 of 1st period - Wrist shot by Mike Richards.
12:16 of 1st period - Stopped by Jonathan Quick without a rebound.
12:17 of 1st period - Erik Haula wins face-off versus Jussi Jokinen in Jets zone.
12:30 of 1st period - Snap shot by Devin Setoguchi.
12:30 of 1st period - Goal by Devin Setoguchi - Jets : 0 - Stars : 2.
12:31 of 1st period - Casey Cizikas wins face-off versus Claude Giroux in neutral zone.
13:22 of 1st period - John Carlson is hit by Brett Ritchie.
13:43 of 1st period - Matt Tennyson is hit by Erik Johnson and loses puck.
13:54 of 1st period - Cory Conacher is hit by Brayden Schenn and loses puck.
14:15 of 1st period - Minor Penalty to Brayden Schenn for High sticking.
14:16 of 1st period - Brett Ritchie wins face-off versus Alex Ovechkin in Jets zone.
14:19 of 1st period - Snap shot by Devin Setoguchi.
14:19 of 1st period - Shot Blocked by Oliver Ekman-Larsson.
16:15 of 1st period - Penalty to Brayden Schenn is over, Brayden Schenn is back on ice.
16:33 of 1st period - Wrist shot by Alexander Wennberg.
16:33 of 1st period - Shot Misses the Net.
16:45 of 1st period - Jussi Jokinen is hit by Cory Conacher and loses puck.
17:00 of 1st period - Snap shot by Jake Muzzin.
17:00 of 1st period - Stopped by Tom McCollum without a rebound.
17:01 of 1st period - Mike Richards wins face-off versus Claude Giroux in Stars zone.
17:31 of 1st period - Snap shot by Alexandre Burrows.
17:31 of 1st period - Shot Blocked by Marc Staal.
17:33 of 1st period - Backhand shot by Patrik Nemeth.
17:33 of 1st period - Shot Blocked by Marc Staal.
17:35 of 1st period - Slapshot by Patrik Nemeth.
17:35 of 1st period - Stopped by Jonathan Quick without a rebound.
17:36 of 1st period - Casey Cizikas wins face-off versus Jarret Stoll in Jets zone.
17:58 of 1st period - Minor Penalty to Jamie Oleksiak for Hooking.
17:59 of 1st period - Ryan Getzlaf wins face-off versus Erik Haula in Stars zone.
19:24 of 1st period - Blake Wheeler is hit by Mike Richards and loses puck.
19:46 of 1st period - Erik Johnson is hit by Casey Cizikas and loses puck.
19:53 of 1st period - Snap shot by Claude Giroux.
19:53 of 1st period - Shot Misses the Net.
19:55 of 1st period - Slapshot by John Carlson.
19:55 of 1st period - Stopped by Tom McCollum with a rebound.
19:58 of 1st period - Penalty to Jamie Oleksiak is over, Jamie Oleksiak is back on ice.
Goals for this period are 0 for Jets vs 2 for Stars.
Shots for this period are 2 for Jets vs 11 for Stars.

2nd period


0:01 of 2nd period - Ryan Getzlaf wins face-off versus Brett Ritchie in neutral zone.
0:08 of 2nd period - Alex Ovechkin is hit by John Moore and loses puck.
0:35 of 2nd period - Backhand shot by Brett Ritchie.
0:35 of 2nd period - Deflect By Alex Ovechkin.
0:35 of 2nd period - Shot Misses the Net.
0:35 of 2nd period - Puck is out of play.
0:36 of 2nd period - Claude Giroux wins face-off versus Alexander Wennberg in Jets zone.
0:45 of 2nd period - Snap shot by Max Pacioretty.
0:45 of 2nd period - Goal by Max Pacioretty - Jets : 1 - Stars : 2.
0:46 of 2nd period - Alexander Wennberg wins face-off versus Ryan Getzlaf in neutral zone.
0:48 of 2nd period - Minor Penalty to Alex Petrovic for Kneeing.
0:49 of 2nd period - Erik Haula wins face-off versus Ryan Getzlaf in Stars zone.
0:49 of 2nd period - Erik Haula is hit by Alex Ovechkin.
1:23 of 2nd period - Erik Haula is hit by Alex Ovechkin and loses puck.
2:22 of 2nd period - Ryan Getzlaf is hit by Ryan Wilson and loses puck.
2:29 of 2nd period - Wrist shot by Casey Cizikas.
2:29 of 2nd period - Shot Blocked by Ryan Getzlaf.
2:48 of 2nd period - Penalty to Alex Petrovic is over, Alex Petrovic is back on ice.
2:55 of 2nd period - Wrist shot by Max Pacioretty.
2:55 of 2nd period - Shot Misses the Net.
2:57 of 2nd period - Snap shot by Max Pacioretty.
2:57 of 2nd period - Shot Misses the Net.
2:59 of 2nd period - Snap shot by Claude Giroux.
2:59 of 2nd period - Shot Blocked by Alexander Wennberg.
3:13 of 2nd period - Snap shot by Cory Conacher.
3:13 of 2nd period - Shot Misses the Net.
3:47 of 2nd period - Slapshot by Jonathan Drouin.
3:47 of 2nd period - Shot Misses the Net.
3:49 of 2nd period - Slapshot by John Moore.
3:49 of 2nd period - Stopped by Jonathan Quick with a rebound.
4:17 of 2nd period - Wrist shot by Erik Haula.
4:17 of 2nd period - Shot Misses the Net.
4:40 of 2nd period - Snap shot by Alexander Wennberg.
4:40 of 2nd period - Shot Blocked by Marc Staal.
4:42 of 2nd period - Snap shot by Daniel Paille.
4:42 of 2nd period - Stopped by Jonathan Quick without a rebound.
4:43 of 2nd period - Alexander Wennberg wins face-off versus Ryan Getzlaf in Jets zone.
5:03 of 2nd period - Ryan Getzlaf is hit by Brett Ritchie and loses puck.
5:11 of 2nd period - Off-side.
5:12 of 2nd period - Casey Cizikas wins face-off versus John Tavares in neutral zone.
5:44 of 2nd period - Backhand shot by Patrik Elias.
5:44 of 2nd period - Stopped by Tom McCollum without a rebound.
5:45 of 2nd period - Claude Giroux wins face-off versus Mike Richards in Stars zone.
5:58 of 2nd period - Snap shot by Claude Giroux.
5:58 of 2nd period - Stopped by Tom McCollum without a rebound.
5:59 of 2nd period - Alexander Wennberg wins face-off versus Claude Giroux in Stars zone.
5:59 of 2nd period - Alexander Wennberg is hit by Oliver Ekman-Larsson.
6:05 of 2nd period - Snap shot by Alexander Wennberg.
6:05 of 2nd period - Shot Blocked by Brad Stuart.
6:09 of 2nd period - Snap shot by Alexander Wennberg.
6:09 of 2nd period - Shot Blocked by Max Pacioretty.
6:39 of 2nd period - Daniel Paille is hit by Wayne Simmonds and loses puck.
7:02 of 2nd period - Slapshot by John Moore.
7:02 of 2nd period - Stopped by Jonathan Quick without a rebound.
7:03 of 2nd period - Ryan Getzlaf wins face-off versus Devin Setoguchi in Jets zone.
7:39 of 2nd period - Minor Penalty to Mike Richards for Holding.
7:40 of 2nd period - Claude Giroux wins face-off versus Erik Haula in Stars zone.
7:41 of 2nd period - Snap shot by Wayne Simmonds.
7:41 of 2nd period - Shot Blocked by Alex Petrovic.
7:43 of 2nd period - Snap shot by Claude Giroux.
7:43 of 2nd period - Shot Blocked by Brett Ritchie.
7:45 of 2nd period - Wrist shot by John Carlson.
7:45 of 2nd period - Shot Misses the Net.
7:47 of 2nd period - Slapshot by John Carlson.
7:47 of 2nd period - Goal by John Carlson - Jets : 2 - Stars : 2.
7:48 of 2nd period - Ryan Getzlaf wins face-off versus Casey Cizikas in neutral zone.
7:51 of 2nd period - Erik Haula is hit by Erik Johnson and loses puck.
8:00 of 2nd period - Snap shot by Ryan Getzlaf.
8:00 of 2nd period - Stopped by Tom McCollum with a rebound.
8:02 of 2nd period - Backhand shot by Erik Johnson.
8:02 of 2nd period - Stopped by Tom McCollum with a rebound.
8:21 of 2nd period - Snap shot by Ryan Getzlaf.
8:21 of 2nd period - Shot Blocked by Matt Tennyson.
8:23 of 2nd period - Slapshot by John Carlson.
8:23 of 2nd period - Shot Misses the Net.
8:25 of 2nd period - Wrist shot by Blake Wheeler.
8:25 of 2nd period - Deflect By Matt Tennyson.
8:25 of 2nd period - Stopped by Tom McCollum without a rebound.
8:26 of 2nd period - Alexander Wennberg wins face-off versus Wayne Simmonds in Stars zone.
8:43 of 2nd period - Minor Penalty to Cory Conacher for Holding.
8:44 of 2nd period - Erik Haula wins face-off versus Ryan Getzlaf in Stars zone.
9:07 of 2nd period - Slapshot by Ryan Getzlaf.
9:07 of 2nd period - Stopped by Tom McCollum with a rebound.
9:09 of 2nd period - Backhand shot by Ryan Getzlaf.
9:09 of 2nd period - Shot Blocked by Erik Haula.
9:33 of 2nd period - Snap shot by Claude Giroux.
9:33 of 2nd period - Goal by Claude Giroux - Jets : 3 - Stars : 2.
9:34 of 2nd period - Max Pacioretty wins face-off versus Alexander Wennberg in neutral zone.
9:59 of 2nd period - Wrist shot by Cory Conacher.
9:59 of 2nd period - Deflect By Alexander Wennberg.
9:59 of 2nd period - Deflect By Oliver Ekman-Larsson.
9:59 of 2nd period - Stopped by Jonathan Quick with a rebound.
10:03 of 2nd period - Wrist shot by Alexander Wennberg.
10:03 of 2nd period - Shot Misses the Net.
10:05 of 2nd period - Slapshot by Matt Tennyson.
10:05 of 2nd period - Shot Misses the Net.
10:23 of 2nd period - Slapshot by Mike Richards.
10:23 of 2nd period - Shot Misses the Net.
10:25 of 2nd period - Slapshot by Jamie Oleksiak.
10:25 of 2nd period - Shot Blocked by Brad Stuart.
10:27 of 2nd period - Wrist shot by Mike Richards.
10:27 of 2nd period - Stopped by Jonathan Quick with a rebound.
10:29 of 2nd period - Wrist shot by Devin Setoguchi.
10:29 of 2nd period - Stopped by Jonathan Quick without a rebound.
10:30 of 2nd period - Ryan Getzlaf wins face-off versus Devin Setoguchi in Jets zone.
10:30 of 2nd period - Ryan Getzlaf is hit by Mike Richards.
10:53 of 2nd period - Minor Penalty to Brett Ritchie for Hooking.
10:54 of 2nd period - Erik Haula wins face-off versus Ryan Getzlaf in Stars zone.
11:22 of 2nd period - Snap shot by Erik Haula.
11:22 of 2nd period - Shot Blocked by John Carlson.
12:14 of 2nd period - Mike Richards is hit by Blake Wheeler and loses puck.
12:23 of 2nd period - Snap shot by Blake Wheeler.
12:23 of 2nd period - Shot Misses the Net.
12:53 of 2nd period - Penalty to Brett Ritchie is over, Brett Ritchie is back on ice.
12:55 of 2nd period - Snap shot by Ryan Getzlaf.
12:55 of 2nd period - Stopped by Tom McCollum without a rebound.
12:56 of 2nd period - Ryan Getzlaf wins face-off versus Devin Setoguchi in Stars zone.
13:04 of 2nd period - Minor Penalty to Mike Richards for Roughing.
13:05 of 2nd period - Erik Haula wins face-off versus Claude Giroux in Stars zone.
14:06 of 2nd period - Alex Petrovic is hit by Brad Stuart and loses puck.
14:27 of 2nd period - Slapshot by Blake Wheeler.
14:27 of 2nd period - Shot Blocked by Alex Petrovic.
14:47 of 2nd period - Wrist shot by Wayne Simmonds.
14:47 of 2nd period - Deflect By Matt Tennyson.
14:47 of 2nd period - Stopped by Tom McCollum with a rebound.
14:49 of 2nd period - Wrist shot by Max Pacioretty.
14:49 of 2nd period - Goal by Max Pacioretty - Jets : 4 - Stars : 2.
14:49 of 2nd period - Justin Peters enters game.
14:50 of 2nd period - Mike Richards wins face-off versus John Tavares in neutral zone.
15:03 of 2nd period - Wrist shot by Jussi Jokinen.
15:03 of 2nd period - Stopped by Justin Peters with a rebound.
15:05 of 2nd period - Slapshot by Jake Muzzin.
15:05 of 2nd period - Shot Misses the Net.
15:09 of 2nd period - Wrist shot by John Tavares.
15:09 of 2nd period - Stopped by Justin Peters without a rebound.
15:10 of 2nd period - John Tavares wins face-off versus Mike Richards in Stars zone.
15:13 of 2nd period - Snap shot by John Tavares.
15:13 of 2nd period - Goal by John Tavares - Jets : 5 - Stars : 2.
15:14 of 2nd period - Devin Setoguchi wins face-off versus Jussi Jokinen in neutral zone.
15:23 of 2nd period - John Moore is hit by John Carlson and loses puck.
15:30 of 2nd period - Wrist shot by John Tavares.
15:30 of 2nd period - Shot Misses the Net.
15:32 of 2nd period - Wrist shot by John Tavares.
15:32 of 2nd period - Stopped by Justin Peters with a rebound.
15:34 of 2nd period - Slapshot by Jussi Jokinen.
15:34 of 2nd period - Shot Blocked by Jamie Oleksiak.
15:36 of 2nd period - Snap shot by Jussi Jokinen.
15:36 of 2nd period - Shot Blocked by Devin Setoguchi.
15:38 of 2nd period - Slapshot by John Carlson.
15:38 of 2nd period - Shot Blocked by Brett Ritchie.
15:46 of 2nd period - Snap shot by Jussi Jokinen.
15:46 of 2nd period - Shot Blocked by Jamie Oleksiak.
15:48 of 2nd period - Slapshot by Erik Johnson.
15:48 of 2nd period - Shot Misses the Net.
15:50 of 2nd period - Slapshot by Jussi Jokinen.
15:50 of 2nd period - Goal by Jussi Jokinen - Jets : 6 - Stars : 2.
15:51 of 2nd period - Ryan Getzlaf wins face-off versus Alexander Wennberg in neutral zone.
16:21 of 2nd period - Snap shot by Alexander Wennberg.
16:21 of 2nd period - Shot Blocked by Brad Stuart.
16:23 of 2nd period - Snap shot by Matt Tennyson.
16:23 of 2nd period - Stopped by Jonathan Quick without a rebound.
16:24 of 2nd period - Claude Giroux wins face-off versus Devin Setoguchi in Jets zone.
16:26 of 2nd period - Penalty Shot by Max Pacioretty for Jets.
16:26 of 2nd period - Wrist shot by Max Pacioretty.
16:26 of 2nd period - Stopped by Justin Peters.
16:27 of 2nd period - Devin Setoguchi wins face-off versus Claude Giroux in Jets zone.
16:37 of 2nd period - Slapshot by Mike Richards.
16:37 of 2nd period - Shot Misses the Net.
16:39 of 2nd period - Snap shot by Devin Setoguchi.
16:39 of 2nd period - Shot Misses the Net.
16:41 of 2nd period - Snap shot by Brett Ritchie.
16:41 of 2nd period - Shot Blocked by John Carlson.
16:43 of 2nd period - Slapshot by Jamie Oleksiak.
16:43 of 2nd period - Stopped by Jonathan Quick without a rebound.
16:44 of 2nd period - Devin Setoguchi wins face-off versus Claude Giroux in Jets zone.
17:01 of 2nd period - Slapshot by John Moore.
17:01 of 2nd period - Stopped by Jonathan Quick with a rebound.
17:03 of 2nd period - Snap shot by Brett Ritchie.
17:03 of 2nd period - Shot Blocked by John Carlson.
17:05 of 2nd period - Slapshot by Jamie Oleksiak.
17:05 of 2nd period - Stopped by Jonathan Quick with a rebound.
17:19 of 2nd period - Minor Penalty to Erik Johnson for Roughing.
17:20 of 2nd period - Erik Haula wins face-off versus Alex Ovechkin in Jets zone.
17:25 of 2nd period - Wrist shot by Mike Richards.
17:25 of 2nd period - Stopped by Jonathan Quick with a rebound.
18:21 of 2nd period - John Carlson is hit by Casey Cizikas and loses puck.
18:34 of 2nd period - Slapshot by Mike Richards.
18:34 of 2nd period - Stopped by Jonathan Quick without a rebound.
18:35 of 2nd period - Erik Haula wins face-off versus Alex Ovechkin in Jets zone.
18:36 of 2nd period - Wrist shot by Mike Richards.
18:36 of 2nd period - Stopped by Jonathan Quick without a rebound.
18:37 of 2nd period - Erik Haula wins face-off versus Alex Ovechkin in Jets zone.
19:19 of 2nd period - Penalty to Erik Johnson is over, Erik Johnson is back on ice.
19:26 of 2nd period - Snap shot by Blake Wheeler.
19:26 of 2nd period - Stopped by Justin Peters with a rebound.
19:55 of 2nd period - Icing by Marc Staal.
19:56 of 2nd period - John Tavares wins face-off versus Alexandre Burrows in Jets zone.
Goals for this period are 6 for Jets vs 0 for Stars.
Shots for this period are 18 for Jets vs 13 for Stars.

3rd period


0:01 of 3rd period - Brett Ritchie wins face-off versus Ryan Getzlaf in neutral zone.
0:44 of 3rd period - Minor Penalty to Alex Petrovic for Interference.
0:45 of 3rd period - Wayne Simmonds wins face-off versus Erik Haula in Stars zone.
0:48 of 3rd period - Wrist shot by Max Pacioretty.
0:48 of 3rd period - Shot Misses the Net.
0:50 of 3rd period - Wrist shot by Max Pacioretty.
0:50 of 3rd period - Shot Misses the Net.
1:38 of 3rd period - Ryan Wilson is hit by Ryan Getzlaf and loses puck.
1:51 of 3rd period - Snap shot by Brett Ritchie.
1:51 of 3rd period - Shot Blocked by Blake Wheeler.
1:53 of 3rd period - Slapshot by Matt Tennyson.
1:53 of 3rd period - Deflect By Erik Haula.
1:53 of 3rd period - Goal by Erik Haula - Jets : 6 - Stars : 3.
1:54 of 3rd period - Ryan Getzlaf wins face-off versus Erik Haula in neutral zone.
2:07 of 3rd period - Wrist shot by Ryan Getzlaf.
2:07 of 3rd period - Shot Misses the Net.
2:09 of 3rd period - Slapshot by Blake Wheeler.
2:09 of 3rd period - Stopped by Justin Peters with a rebound.
2:44 of 3rd period - Penalty to Alex Petrovic is over, Alex Petrovic is back on ice.
3:21 of 3rd period - Slapshot by Cory Conacher.
3:21 of 3rd period - Stopped by Jonathan Quick without a rebound.
3:22 of 3rd period - Alexander Wennberg wins face-off versus John Tavares in Jets zone.
3:23 of 3rd period - Slapshot by Cory Conacher.
3:23 of 3rd period - Shot Blocked by Oliver Ekman-Larsson.
3:51 of 3rd period - Daniel Paille is hit by Oliver Ekman-Larsson and loses puck.
4:18 of 3rd period - Wrist shot by Jonathan Drouin.
4:18 of 3rd period - Stopped by Jonathan Quick with a rebound.
4:42 of 3rd period - Snap shot by Jonathan Drouin.
4:42 of 3rd period - Stopped by Jonathan Quick without a rebound.
4:43 of 3rd period - Casey Cizikas wins face-off versus Ryan Getzlaf in Jets zone.
4:46 of 3rd period - Snap shot by John Moore.
4:46 of 3rd period - Stopped by Jonathan Quick without a rebound.
4:47 of 3rd period - Ryan Getzlaf wins face-off versus Casey Cizikas in Jets zone.
5:16 of 3rd period - John Moore is hit by John Carlson and loses puck.
5:45 of 3rd period - Wrist shot by Max Pacioretty.
5:45 of 3rd period - Shot Misses the Net.
5:47 of 3rd period - Wrist shot by Claude Giroux.
5:47 of 3rd period - Jets goal is going for a video replay.
5:47 of 3rd period - The goal is good.
5:47 of 3rd period - Goal by Claude Giroux - Jets : 7 - Stars : 3.
5:48 of 3rd period - Alexander Wennberg wins face-off versus Claude Giroux in neutral zone.
6:07 of 3rd period - Off-side.
6:08 of 3rd period - Claude Giroux wins face-off versus Daniel Paille in neutral zone.
6:25 of 3rd period - Snap shot by Cory Conacher.
6:25 of 3rd period - Shot Blocked by Brad Stuart.
6:57 of 3rd period - Snap shot by Alex Ovechkin.
6:57 of 3rd period - Shot Blocked by Alex Petrovic.
7:09 of 3rd period - Blake Wheeler is hit by Brett Ritchie and loses puck.
7:34 of 3rd period - Snap shot by Erik Haula.
7:34 of 3rd period - Shot Misses the Net.
8:26 of 3rd period - Manny Malhotra is hit by John Carlson and loses puck.
8:43 of 3rd period - Alexander Wennberg is hit by John Carlson and loses puck.
9:14 of 3rd period - Wrist shot by Claude Giroux.
9:14 of 3rd period - Stopped by Justin Peters without a rebound.
9:15 of 3rd period - Ryan Getzlaf wins face-off versus Devin Setoguchi in Stars zone.
9:32 of 3rd period - Minor Penalty to Alex Petrovic for High sticking.
9:33 of 3rd period - Erik Haula wins face-off versus Ryan Getzlaf in Stars zone.
9:33 of 3rd period - Erik Haula is hit by Alex Ovechkin.
9:46 of 3rd period - Snap shot by Brett Ritchie.
9:46 of 3rd period - Stopped by Jonathan Quick with a rebound.
9:48 of 3rd period - Slapshot by Ryan Wilson.
9:48 of 3rd period - Stopped by Jonathan Quick with a rebound.
9:50 of 3rd period - Snap shot by Erik Haula.
9:50 of 3rd period - Shot Blocked by Ryan Getzlaf.
9:52 of 3rd period - Slapshot by Jamie Oleksiak.
9:52 of 3rd period - Shot Blocked by Brad Stuart.
10:00 of 3rd period - Wrist shot by Erik Haula.
10:00 of 3rd period - Shot Blocked by Oliver Ekman-Larsson.
10:02 of 3rd period - Slapshot by Jamie Oleksiak.
10:02 of 3rd period - Shot Blocked by Brad Stuart.
10:04 of 3rd period - Backhand shot by Erik Haula.
10:04 of 3rd period - Deflect By Blake Wheeler.
10:04 of 3rd period - Shot Misses the Net.
10:04 of 3rd period - Puck is out of play.
10:05 of 3rd period - Claude Giroux wins face-off versus Erik Haula in Jets zone.
10:14 of 3rd period - Wrist shot by Max Pacioretty.
10:14 of 3rd period - Shot Misses the Net.
10:20 of 3rd period - Snap shot by Erik Haula.
10:20 of 3rd period - Shot Blocked by Oliver Ekman-Larsson.
10:46 of 3rd period - Matt Tennyson is hit by Claude Giroux and loses puck.
11:01 of 3rd period - Erik Haula is hit by John Carlson.
11:15 of 3rd period - Matt Tennyson is hit by Alex Ovechkin and loses puck.
11:32 of 3rd period - Penalty to Alex Petrovic is over, Alex Petrovic is back on ice.
12:12 of 3rd period - Wrist shot by Alexander Wennberg.
12:12 of 3rd period - Shot Misses the Net.
12:14 of 3rd period - Snap shot by Cory Conacher.
12:14 of 3rd period - Shot Blocked by Oliver Ekman-Larsson.
12:16 of 3rd period - Snap shot by Daniel Paille.
12:16 of 3rd period - Stopped by Jonathan Quick without a rebound.
12:17 of 3rd period - Jarret Stoll wins face-off versus Mike Richards in Jets zone.
13:44 of 3rd period - Wrist shot by Alexander Wennberg.
13:44 of 3rd period - Stopped by Jonathan Quick without a rebound.
13:45 of 3rd period - Jussi Jokinen wins face-off versus Alexander Wennberg in Jets zone.
13:53 of 3rd period - Wrist shot by Cory Conacher.
13:53 of 3rd period - Shot Misses the Net.
13:55 of 3rd period - Slapshot by Daniel Paille.
13:55 of 3rd period - Stopped by Jonathan Quick with a rebound.
13:57 of 3rd period - Snap shot by Daniel Paille.
13:57 of 3rd period - Stopped by Jonathan Quick with a rebound.
13:59 of 3rd period - Snap shot by Alexander Wennberg.
13:59 of 3rd period - Stopped by Jonathan Quick without a rebound.
14:00 of 3rd period - Claude Giroux wins face-off versus Alexander Wennberg in Jets zone.
14:58 of 3rd period - Snap shot by Alexandre Burrows.
14:58 of 3rd period - Stopped by Jonathan Quick with a rebound.
15:00 of 3rd period - Slapshot by Erik Haula.
15:00 of 3rd period - Shot Misses the Net.
15:02 of 3rd period - Wrist shot by Casey Cizikas.
15:02 of 3rd period - Stopped by Jonathan Quick without a rebound.
15:03 of 3rd period - Devin Setoguchi wins face-off versus Alex Ovechkin in Jets zone.
15:21 of 3rd period - Wrist shot by Blake Wheeler.
15:21 of 3rd period - Shot Misses the Net.
15:31 of 3rd period - Wrist shot by Blake Wheeler.
15:31 of 3rd period - Shot Blocked by Brett Ritchie.
15:33 of 3rd period - Snap shot by Ryan Getzlaf.
15:33 of 3rd period - Stopped by Justin Peters with a rebound.
16:03 of 3rd period - Alex Petrovic is hit by John Tavares and loses puck.
16:28 of 3rd period - Erik Johnson is hit by Alex Petrovic and loses puck.
17:15 of 3rd period - Wrist shot by Brayden Schenn.
17:15 of 3rd period - Stopped by Justin Peters with a rebound.
18:15 of 3rd period - Icing by Casey Cizikas.
18:16 of 3rd period - Claude Giroux wins face-off versus Casey Cizikas in Stars zone.
19:11 of 3rd period - Snap shot by Devin Setoguchi.
19:11 of 3rd period - Deflect By Mike Richards.
19:11 of 3rd period - Shot Blocked by Jake Muzzin.
19:11 of 3rd period - Puck is out of play.
19:12 of 3rd period - Jarret Stoll wins face-off versus Mike Richards in Jets zone.
19:19 of 3rd period - Wrist shot by Brayden Schenn.
19:19 of 3rd period - Stopped by Justin Peters with a rebound.
19:58 of 3rd period - Snap shot by Jonathan Drouin.
19:58 of 3rd period - Shot Misses the Net.
Goals for this period are 1 for Jets vs 1 for Stars.
Shots for this period are 6 for Jets vs 14 for Stars.